 Dungeon Crawl Stone Soup version 0.30-a0-305-g026cb31310 (webtiles) character file.

Game seed: 17971140378315995611

39 McGhostyFace the Slasher (level 3, 0/25 (31) HPs)
             Began as a Gnoll Reaver on Oct 22, 2022.
             Slain by a gnoll
             ... wielding a +0 halberd
              (10 damage)
             ... on level 2 of the Dungeon.
             The game lasted 00:03:30 (1405 turns).

McGhostyFace the Slasher (Gnoll Reaver)             Turns: 1405, Time: 00:03:30

HP:   0/25 (31)     AC:  3    Str: 11    XL:     3   Next: 47%
MP:   9/9           EV: 16    Int: 14    God:
Gold: 30            SH:  0    Dex: 10    Spells: 11/12 levels left

rFire   . . .      SeeInvis .    a - +0 falchion
rCold   . . .      Faith    .    (no shield)
rNeg    . . .      Spirit   .    b - +0 leather armour
rPois   .          Reflect  .    (no helmet)
rElec   .          Harm     .    (no cloak)
rCorr   .          Rampage  .    (no gloves)
Will    .....                    (no boots)
Stlth   +.........               (no amulet)
HPRegen 0.24/turn                d - +4 ring of evasion
MPRegen 0.11/turn                (no ring)

@: heavily drained
A: fangs 1, strong nose, distributed training
a: no special abilities


You were on level 2 of the Dungeon.
You visited 1 branch of the dungeon, and saw 2 of its levels.

You collected 30 gold pieces.

Inventory:

Hand Weapons
 a - a +0 falchion (weapon)
Armour
 b - a +0 leather armour (worn)
Jewellery
 d - a +4 ring of evasion (left hand)
Scrolls
 c - 2 scrolls of identify {unknown}
 h - a scroll of fog {unknown}
 k - a scroll of teleportation {unknown}
 m - a scroll of poison {unknown}
Potions
 e - a potion of brilliance {unknown}
 g - 2 potions of ambrosia {unknown}
 i - a potion of heal wounds {unknown}
 j - a potion of cancellation {unknown}
 l - a potion of lignification {unknown}


   Skills:
 + Level 4.5 Fighting
 + Level 0.9 Short Blades
 + Level 6.5 Long Blades
 + Level 0.9 Axes
 + Level 0.9 Maces & Flails
 + Level 0.9 Polearms
 + Level 0.9 Staves
 + Level 0.9 Ranged Weapons
 + Level 0.9 Throwing
 + Level 0.9 Armour
 + Level 4.5 Dodging
 + Level 0.9 Stealth
 + Level 0.9 Shields
 + Level 0.9 Unarmed Combat
 + Level 5.0 Spellcasting
 + Level 5.4 Conjurations
 + Level 0.6 Hexes
 + Level 0.6 Summonings
 + Level 0.6 Necromancy
 + Level 0.6 Translocations
 + Level 0.6 Transmutations
 + Level 0.6 Fire Magic
 + Level 0.6 Ice Magic
 + Level 0.6 Air Magic
 + Level 0.6 Earth Magic
 + Level 0.6 Poison Magic
 + Level 1.0 Invocations
 + Level 0.9 Evocations


You had 11 spell levels left.
You knew the following spells:

 Your Spells              Type           Power      Damage    Failure   Level
a - Kiss of Death         Conj/Necr      48%        2d9       7%          1

Your spell library contained the following spells:

 Spells                   Type           Power      Damage    Failure   Level
 Momentum Strike          Conj/Tloc      24%        3d8       10%         2
 Summon Small Mammal      Summ           20%        N/A       19%         1
 Hailstorm                Conj/Ice       12%        3d5       21%         3
 Call Canine Familiar     Summ           5%         N/A       47%         3
 Summon Guardian Golem    Hex/Summ       5%         N/A       47%         3


Dungeon Overview and Level Annotations

Branches:
Dungeon (2/15)

Altars:


Innate Abilities, Weirdness & Mutations

You have very sharp teeth.
Your uncanny sense of smell can sniff out nearby items.
Your experience applies equally to all skills.


Message History

Aim: a gnoll, wielding a +0 halberd (61% to hit)
You throw a poisoned dart.
The poisoned dart barely misses the gnoll.
The poisoned dart hits the gnoll.
The gnoll looks even sicker.
The gnoll barely misses you.
Throw: dart (poison)
Press: ? - help, Q - select action, (/) - cycle Shift-Dir - straight line, f/p - gnoll
Aim: a gnoll, wielding a +0 halberd (61% to hit)
You throw a poisoned dart. The poisoned dart hits the gnoll.
The gnoll misses you.
Unknown command.
Unknown command.
The gnoll closely misses you.
Unknown command.
Unknown command.
Unknown command.
The gnoll barely misses you.
You hit the gnoll.
The gnoll is lightly wounded.
The gnoll hits you with a +0 halberd.
You hit the gnoll but do no damage. You bite the gnoll, but do no damage.
The gnoll is lightly wounded.
The gnoll closely misses you. The gnoll completely misses you.
You closely miss the gnoll.
The gnoll is lightly wounded.
The gnoll looks more healthy.
The gnoll misses you. The gnoll closely misses you.
You hit the gnoll.
The gnoll is moderately wounded.
The gnoll hits you from afar with a +0 spear.
The gnoll completely misses you.
You hit the gnoll. You bite the gnoll, but do no damage.
The gnoll is heavily wounded.
The gnoll hits you from afar with a +0 spear.
The gnoll barely misses you. The gnoll attacks as you move away!
The gnoll completely misses you. The gnoll closely misses you.
The gnoll completely misses you. The gnoll hits you with a +0 halberd.
The gnoll hits you from afar with a +0 halberd!
You die...

#. .#. #.# .#. #.# g. #.#
#. #.# #.############ #.#
#..).((.g(...# #.#
############g#####.######
#gg.@........#
#.#####.####.# #.# #.# #.#
#.# #.# #.# #.# ###.# #.#
### #.# #...# #.# ..# #.#
#.### #.#
#.###########.###.######.#
#......................#.#


You could see 3 gnolls.

Vanquished Creatures
  A gnoll (D:2)
  2 endoplasms (D:1)
  2 giant cockroaches
  A goblin (D:1)
  A hobgoblin (D:1)
  3 kobolds
  2 quokkas
  6 ball pythons
  5 bats
  4 frilled lizards
  2 rats (D:1)
29 creatures vanquished.

Notes
Turn   | Place    | Note
-------+----------+-------------------------------------------
     0 | D:1      | McGhostyFace the Gnoll Reaver began the quest for the Orb.
     0 | D:1      | Reached XP level 1. HP: 20/20 MP: 6/6
   184 | D:1      | Reached XP level 2. HP: 19/19 MP: 7/7
   194 | D:1      | Found a faded altar of an unknown god.
  1138 | D:2      | Reached skill level 5 in Spellcasting
  1138 | D:2      | Reached XP level 3. HP: 22/27 MP: 7/9
  1380 | D:2      | Reached skill level 1 in Invocations
  1405 | D:2      | Slain by a gnoll

Illustrated notes

Levels and vault maps discovered:
D:1:      lemuel_arrival_lava_pool, layout_loops_ring,
          ebering_ecumenical_altar_hall, serial_co_window_serial,
          co_window_paths_a, co_window_paths_a, co_window_of_opportunity_a,
          co_window_cross_1, co_window_cross_1, co_window_paths_a,
          co_window_paths_a, co_window_corner_cb, co_window_2corner,
          co_window_broadway_b, co_window_of_opportunity_b, co_window_cross_2,
          glass_columns_c, glass_columns_b, glass_columns_a, glass_columns_b,
          minmay_misc_feat_roman
D:2:      layout_loops_ring

Skill      XL: |  1  2  3 |
---------------+----------+-----
Spellcasting   | 5 |  5.0
Invocations    | 1 |  1.0
Fighting       | |  4.5
Short Blades   | |  0.9
Long Blades    | |  6.5
Axes           | |  0.9
Maces & Flails | |  0.9
Polearms       | |  0.9
Staves         | |  0.9
Ranged Weapons | |  0.9
Throwing       | |  0.9
Armour         | |  0.9
Dodging        | |  4.5
Stealth        | |  0.9
Shields        | |  0.9
Unarmed Combat | |  0.9
Conjurations   | |  5.4
Hexes          | |  0.6
Summonings     | |  0.6
Necromancy     | |  0.6
Translocations | |  0.6
Transmutations | |  0.6
Fire Magic     | |  0.6
Ice Magic      | |  0.6
Air Magic      | |  0.6
Earth Magic    | |  0.6
Poison Magic   | |  0.6
Evocations     | |  0.9

Action                   || total
-------------------------++-------
Melee: Falchion          ||    98
       Bite              ||    13
Throw: Dart              ||     4
 Cast: Kiss of Death     ||     4
Armor: Leather armour    ||    23
Dodge: Dodged            ||    94

Table legend: (Time is in decaauts)
 A = Elapsed time spent in this place.
 B = Non-inter-level travel time spent in this place.
 C = Inter-level travel time spent in this place.
 D = Time resting spent in this place.
 E = Time spent auto-exploring this place.
 F = Levels seen in this place.
 G = Mean time per level.
                   A        B        C        D        E       F      G
               +--------+--------+--------+--------+--------+-----+--------+
         Total |   1402 |   1316 |     86 |     12 |   1063 |   2 |  701.0 |
       Dungeon |   1402 |   1316 |     86 |     12 |   1063 |   2 |  701.0 |
               +--------+--------+--------+--------+--------+-----+--------+

Top non-repeatable levels by time:
     D:1: 1123 daAuts
     D:2: 278 daAuts
